 Dungeon Crawl Stone Soup version 0.28.0-53-g5a82cb258f (webtiles) character file.

Game seed: 15949564478491797114

281557 NinjaNoafa the Brawler (level 19, -5/189 HPs)
             Began as a Troll Fighter on June 1, 2022.
             Was a High Priest of Cheibriados.
             Slain by an azure jelly (19 damage)
             ... on level 1 of the Pits of Slime on Aug 13, 2022.
             The game lasted 03:21:50 (37708 turns).

NinjaNoafa the Brawler (Troll Fighter)             Turns: 37708, Time: 03:21:50

Health: -5/189     AC: 12    Str: 41    XL:     19   Next: 71%
Magic:  25/25      EV: 28    Int: 16    God:    Cheibriados [*****.]
Gold:   3234       SH: 22    Dex: 49    Spells: 18/18 levels left

rFire   . . .      SeeInvis .     - Unarmed
rCold   . . .      Faith    .   r - +3 kite shield {reflect}
rNeg    + + .      Spirit   .   F - +0 swamp dragon scales
rPois   +          Reflect  +   (helmet restricted)
rElec   .          Harm     .   o - +0 cloak
rCorr   +          Rampage  .   (gloves unavailable)
Will    +....                   (boots unavailable)
Stlth   +++.......              z - amulet of Qeum {Acrobat Dex+8}
HPRegen 1.21/turn               w - ring of Lewnexta {rN++ rCorr Dex+6 Slay+3 Stlth-}
MPRegen 0.19/turn               G - +6 ring of dexterity

@: very slow
A: large, unfitting armour, claws 3, regeneration 1, shaggy fur 1, tough skin 1,
iridescent scales 1, agile 1, low MP 1, subdued magic 2
}: 2/15 runes: decaying, serpentine
a: Renounce Religion, Bend Time, Temporal Distortion, Slouch, Step From Time


You were on level 1 of the Pits of Slime.
You worshipped Cheibriados.
Cheibriados was extremely pleased with you.
You visited 10 branches of the dungeon, and saw 38 of its levels.
You visited the Abyss 4 times.
You also visited: Sewer.

You collected 4730 gold pieces.
You spent 1496 gold pieces at shops.

Inventory:

Missiles
 h - 5 poisoned darts (quivered)
 m - 1088 stones
 y - 9 boomerangs
 D - 4 atropa-tipped darts
 R - a silver boomerang
Armour
 b - a +5 kite shield
 n - the +1 robe of Vines {NoPotionHeal Regen++++}
   (You acquired it on level 3 of the Lair of Beasts)

   Its wearer cannot be healed by potions.
   Regen:     It increases your rate of health regeneration.
 o - a +0 cloak (worn)
 r - a +3 kite shield of reflection (worn)
 F - +0 swamp dragon scales (worn)
Jewellery
 a - a +4 ring of protection
 j - a ring of flight
 p - a ring of poison resistance
 q - an amulet of faith
 t - a ring of protection from cold
 w - the ring of Lewnexta (left claw) {rN++ rCorr Dex+6 Slay+3 Stlth-}
   (You found it on level 6 of the Dungeon)

   [ring of dexterity]

   Dex:       It affects your dexterity (+6).
   Slay:      It affects your accuracy & damage with ranged weapons and melee
   (+3).
   rN:        It greatly protects you from negative energy.
   rCorr:     It protects you from acid and corrosion.
   Stlth:     It makes you less stealthy.
 z - the amulet of Qeum (around neck) {Acrobat Dex+8}
   (You bought it in a shop on level 3 of the Dungeon)

   [amulet of the acrobat]

   It increases your evasion while moving and waiting.
   Dex:       It affects your dexterity (+8).
 G - a +6 ring of dexterity (right claw)
 K - a ring of ice
 L - a ring of resist corrosion
Wands
 g - a wand of charming (1)
 I - a wand of flame (8)
 N - a wand of acid (9)
 Q - a wand of mindburst (9)
 V - a wand of digging (8)
Scrolls
 d - 5 scrolls of amnesia
 u - 7 scrolls of vulnerability
 A - 3 scrolls of enchant weapon
 C - 3 scrolls of torment
 E - 3 scrolls of fear
 H - a scroll of immolation
 M - 4 scrolls of magic mapping
 U - 7 scrolls of identify
 Z - a scroll of fog
Potions
 e - 8 potions of brilliance
 k - 2 potions of cancellation
 l - a potion of magic
 s - 6 potions of flight
 x - 2 potions of ambrosia
 B - a potion of berserk rage
 J - 2 potions of heal wounds
 O - 3 potions of might
 W - 3 potions of lignification
 X - a potion of invisibility
Miscellaneous
 i - a phantom mirror (inert)
 v - a tin of tremorstones (1/2)
 T - a lightning rod (2/4)


   Skills:
 - Level 12.0 Fighting
 - Level 8.0 Throwing
 - Level 2.0 Armour
 - Level 12.0 Dodging
 - Level 2.6 Stealth
 - Level 12.0 Shields
 + Level 18.8 Unarmed Combat
 - Level 14.0 Invocations
 - Level 10.0 Evocations


You had 18 spell levels left.
You didn't know any spells.
Your spell library contained the following spells:

 Spells                   Type           Power      Damage    Failure   Level
 Animate Skeleton         Necr           0%         N/A       41%         1
 Foxfire                  Conj/Fire      0%         2x1d4     41%         1
 Freeze                   Ice            0%         1d3       41%         1
 Magic Dart               Conj           0%         1d3       41%         1
 Pain                     Necr           0%         1d4       41%         1
 Blink                    Tloc           0%         N/A       56%         2
 Call Imp                 Summ           0%         N/A       56%         2
 Ensorcelled Hibernation  Hex/Ice        0%         N/A       56%         2
 Passwall                 Tmut/Erth      0%         N/A       56%         2
 Scorch                   Fire           0%         2d5       56%         2
 Sublimation of Blood     Necr           0%         N/A       56%         2
 Wereblood                Tmut           0%         N/A       56%         2
 Call Canine Familiar     Summ           0%         N/A       80%         3
 Conjure Flame            Conj/Fire      0%         6-21      80%         3
 Frozen Ramparts          Ice            0%         1d2       80%         3
 Gell's Gravitas          Tloc           0%         N/A       80%         3
 Inner Flame              Hex/Fire       0%         N/A       80%         3
 Lesser Beckoning         Tloc           0%         N/A       80%         3
 Mephitic Cloud           Conj/Pois/Air  0%         N/A       80%         3
 Portal Projectile        Hex/Tloc       0%         N/A       80%         3
 Swiftness                Air            0%         N/A       80%         3
 Teleport Other           Tloc           0%         N/A       80%         3
 Vampiric Draining        Necr           0%         2d6       80%         3
 Anguish                  Hex/Necr       0%         N/A       99%         4
 Animate Dead             Necr           0%         N/A       99%         4
 Cause Fear               Hex            0%         N/A       99%         4
 Flame Wave               Conj/Fire      0%         2d4       99%         4
 Fulminant Prism          Conj/Hex       0%         3d6       99%         4
 Hailstorm                Conj/Ice       0%         3d3       99%         4
 Ice Form                 Ice/Tmut       0%         N/A       99%         4
 Iskenderun's Mystic Bla  Conj/Tloc      0%         2d3       99%         4
 Leda's Liquefaction      Hex/Erth       0%         N/A       99%         4
 Olgreb's Toxic Radiance  Pois           0%         N/A       99%         4
 Petrify                  Tmut/Erth      0%         N/A       99%         4
 Agony                    Necr           0%         N/A       100%        5
 Excruciating Wounds      Necr           0%         N/A       100%        5
 Fireball                 Conj/Fire      0%         3d3       100%        5
 Freezing Cloud           Conj/Ice/Air   0%         6-21      100%        5
 Iskenderun's Battlesphe  Conj           0%         2d6       100%        5
 Lee's Rapid Deconstruct  Erth           0%         3d5*      100%        5
 Manifold Assault         Tloc           0%         N/A       100%        5
 Metabolic Englaciation   Hex/Ice        0%         N/A       100%        5
 Conjure Ball Lightning   Conj/Air       0%         3x3d6     100%        6
 Simulacrum               Ice/Necr       0%         N/A       100%        6
 Statue Form              Tmut/Erth      0%         N/A       100%        6
 Summon Cactus Giant      Summ           0%         N/A       100%        6
 Orb of Destruction       Conj           0%         9d5       100%        7
 Ozocubu's Refrigeration  Ice            0%         4d5       100%        7
 Storm Form               Tmut/Air       0%         N/A       100%        7
 Summon Hydra             Summ           0%         N/A       100%        7
 Discord                  Hex            0%         N/A       100%        8
 Ignition                 Fire           0%         3d3       100%        8
 Infestation              Necr           0%         N/A       100%        8
 Necromutation            Tmut/Necr      0%         N/A       100%        8
 Polar Vortex             Ice            0%         N/A       100%        9


Dungeon Overview and Level Annotations

Branches:
Dungeon (15/15)            Temple (1/1) D:5            Lair (6/6) D:11
  Swamp (4/4) Lair:4        Snake (4/4) Lair:4        Slime (1/5) Lair:5
    Orc (2/2) D:12            Elf (3/3) Orc:2        Vaults (1/5) D:13
 Depths (1/4) D:15          Sewer (visited)

Altars:
Ashenzari
Cheibriados
Dithmenos
Elyvilon
Fedhas
Gozag
Hepliaklqana
Kikubaaqudgha
Makhleb
Nemelex Xobeh
Okawaru
Qazlal
Ru
Sif Muna
Trog
Uskayaw
Vehumet
Wu Jian
Xom
Yredelemnul
Zin
The Shining One
Beogh
Jiyva

Shops:
D:1 ?   D:2 *   D:3 :=(   D:13 (   D:15 :   Orc:2 [([*   Elf:1 [   Elf:2 *
Snake:2 :


Innate Abilities, Weirdness & Mutations

You are too large for most types of armour.
You have claws for hands.
Your natural rate of healing is unusually fast.
You are covered in fur. (AC +1)
You have tough skin. (AC +1)
You are partially covered in iridescent scales. (AC +2)
You are agile. (Dex +2)
Your magical capacity is low. (-10% MP)
Your spells are easier to cast, but less powerful.


Message History

The azure jelly hits you but does no damage.
You block the azure jelly's attack. x2; The azure jelly barely misses you.
You block the slime creature's attack.
You scratch the azure jelly.
The azure jelly is moderately wounded.
You block the azure jelly's attack.
The azure jelly hits you but does no damage. x2
The azure jelly completely misses you. You block the slime creature's attack.
You eviscerate the slime creature!!!
You kill the slime creature!
Cheibriados appreciates the change of pace.
The slime creature barely misses you. You block the azure jelly's attack. x3
The azure jelly completely misses you.
The azure jelly hits you but does no damage.
You block the azure jelly's attack. x3
The slime creature completely misses you.
The azure jelly completely misses you. x2; The azure jelly misses you.
You block the azure jelly's attack. The slime creature misses you.
You eviscerate the slime creature!!!
The slime creature is severely wounded.
The azure jelly hits you! The azure jelly freezes you!!
The azure jelly hits you! The azure jelly freezes you!!!
You block the azure jelly's attack. The azure jelly completely misses you.
You block the slime creature's attack.
You claw the slime creature!
The slime creature is almost dead.
You block the azure jelly's attack.
The azure jelly hits you but does no damage.
You block the azure jelly's attack. The azure jelly hits you.
* * * LOW HITPOINT WARNING * * *
You barely miss the slime creature.
The slime creature is almost dead.
You block the slime creature's attack. The azure jelly hits you.
* * * LOW HITPOINT WARNING * * *
The azure jelly freezes you!!!
* * * LOW HITPOINT WARNING * * *
The azure jelly hits you.
* * * LOW HITPOINT WARNING * * *
The azure jelly freezes you!!
You die...

##.......## ##.........#
##..........# #........#.# .
#...(....###..
#...(...........
##..#(JJ....^...
##.....@........
##.........##....
#..........#..... ###
#####..#..#....#..
#.####.##..........#.## ###.
...##..............(..##.#..
#......#...#..........#...#
#.....#..............#.#..#.##
.............................#


You could see an azure jelly and a slime creature.

Vanquished Creatures
  Nikola (Elf:2)
  Rupert (D:13)
  Mlioglotl (Snake:1)
  3 liches (D:15)
  2 tentacled starspawn (Abyss:3)
  An Executioner (Abyss:2)
  A shadow dragon (Depths:1)
  A thorn hunter (Swamp:4)
  6 nagarajas
  A fenstrider witch (Swamp:3)
  A fire giant (Depths:1)
  An orc warlord (Orc:2)
  A frost giant (Depths:1)
  Aizul (Snake:1)
  2 deep elf sorcerers (Elf:3)
  A deep elf elementalist (Elf:3)
  The ghost of SafestHooves the Brawler, a journeyman CeMo of Okawaru (D:15)
  2 angels (Elf:1)
  A juggernaut zombie (D:15)
  An ironbound preserver (Vaults:1)
  4 quicksilver oozes (Slime:1)
  2 stone giants (Depths:1)
  The ghost of cbfl8 the Severer, a journeyman MiBe of Trog (D:15)
  2 deep elf demonologists
  Azrael (D:14)
  3 eleionomae (Swamp:2)
  9 bunyips
  A deep elf death mage (Elf:3)
  A green death (Abyss:3)
  An ettin (Depths:1)
  2 shambling mangroves (Swamp:4)
  3 great orbs of eyes
  A deep elf high priest (Elf:3)
  Fannar (Lair:1)
  An ice dragon (Depths:1)
  A yaktaur captain (Vaults:1)
  5 salamander tyrants
  19 naga warriors
  A rakshasa (Depths:1)
  19 hydras
  4 boulder beetles
  Erolcha (Orc:1)
  7 centaur warriors
  2 ironbound frosthearts (Vaults:1)
  7 anacondas
  4 two-headed ogres
  2 catoblepae
  11 death yaks (Lair:6)
  27 dancing weapons
  9 alligators
  A tengu warrior (D:15)
  A deep troll shaman (Lair:6)
  7 orc high priests (Orc:2)
  Urug (D:13)
  A vampire mage (Depths:1)
  5 thrashing horrors
  8 naga sharpshooters
  5 spriggan berserkers (Elf:2)
  12 shock serpents
  A storm dragon zombie (D:15)
  2 spatial maelstroms
  5 wretched stars
  16 deep elf knights
  2 salamander mystics (Snake:3)
  5 skeletal warriors (D:15)
  8 goliath frogs
  A sixfirhy (Abyss:3)
  11 large abominations
  A flayed ghost (D:15)
  13 swamp dragons
  4 spriggan druids
  6 naga ritualists
  3 necromancers
  A deep elf archer (Elf:1)
  2 wizards
  2 ironbound convokers (Vaults:1)
  4 bog bodies
  An orc knight (D:15)
  17 deep elf pyromancers
  25 deep elf zephyrmancers
  12 mana vipers
  3 lindwurms
  A wolf spider (D:13)
  11 ugly things
  An iron dragon zombie (D:15)
  An orc sorcerer (Abyss:3)
  A manticore (D:13)
  21 salamanders
  A manticore (shapeshifter) (D:13)
  A frost giant zombie (D:15)
  A will-o-the-wisp (Swamp:4)
  The ghost of Golfball the Basher, a novice GrFi of Trog (D:6)
  6 cyclopes
  A guardian serpent (shapeshifter) (D:15)
  3 worldbinders (Abyss:3)
  36 black mambas
  13 naga magi
  13 elephants
  2 apocalypse crabs (Abyss:3)
  3 guardian serpents
  A smoke demon (Abyss:3)
  A vault sentinel (Vaults:1)
  An unseen horror (D:12)
  5 komodo dragons
  13 cane toads
  2 rime drakes
  Maggie (D:6)
  A demonic crawler (Elf:3)
  An efreet (D:15)
  2 freezing wraiths
  2 ice devils (D:13)
  2 ancient zymes (Abyss:3)
  10 yaktaurs
  A meliai (shapeshifter) (Elf:3)
  A queen bee (D:9)
  A death drake zombie (Swamp:3)
  13 trolls
  A death drake skeleton (Swamp:3)
  6 meliai
  6 polar bears
  13 tyrant leeches
  6 blink frogs
  18 hornets
  4 raiju (Abyss:3)
  A meliai zombie (D:11)
  15 slime creatures
  14 spriggans
  2 ynoxinuls (Abyss:3)
  An ettin skeleton (Abyss:3)
  Sigmund (D:2)
  2 shadows
  4 water elementals
  2 air elementals
  11 starcursed masses
  67 yaks
  A golden eye (shapeshifter) (D:15)
  16 humans
  2 wraiths
  A neqoxec (Abyss:3)
  5 wyverns
  3 golden eyes (Slime:1)
  4 basilisks
  A fire elemental (D:14)
  A steam dragon (D:6)
  A chaos spawn (Abyss:3)
  A spriggan simulacrum (Swamp:3)
  4 vampire mosquitoes (D:12)
  16 swamp worms
  4 spatial vortices
  7 wargs (Orc:2)
  59 nagas
  10 water moccasins
  A hell hound (D:14)
  2 sky beasts (D:7)
  9 swamp drakes
  An ice beast (D:6)
  24 orc warriors
  3 black bears
  13 ogres
  7 necrophages
  12 small abominations
  A phantom (D:6)
  24 wolves
  22 centaurs
  A kobold brigand (Sewer)
  19 bullfrogs
  2 gnoll sergeants
  A water moccasin zombie (D:6)
  4 scorpions
  A wyvern skeleton (D:5)
  29 killer bees (D:9)
  5 wights (D:7)
  2 howler monkeys (D:8)
  6 electric eels
  A bullfrog zombie (D:5)
  A quasit (Abyss:3)
  A gnoll shaman (D:7)
  5 centaur zombies
  4 jellies
  3 centaur skeletons
  34 orc priests
  3 hounds
  An iguana (D:7)
  21 orc wizards
  A scorpion zombie (D:5)
  2 killer bee zombies
  2 howler monkey zombies
  17 gnolls
  6 river rats (Sewer)
  3 adders
  2 shadow imps
  2 white imps
  3 adder skeletons (D:4)
  3 worms
  2 dart slugs (D:4)
  87 orcs
  11 ball pythons
  15 endoplasms
  2 giant cockroaches (D:1)
  9 goblins
  A hobgoblin (D:4)
  25 kobolds
  2 quokkas
  6 bats
  6 frilled lizards
  21 rats
  A fire vortex (Depths:1)
  A starspawn tentacle (Abyss:3)
1346 creatures vanquished.

Vanquished Creatures (collateral kills)
  A nagaraja (Snake:4)
  A hydra (D:14)
  A naga ritualist (Snake:4)
  A naga mage (Snake:4)
  A yaktaur (Vaults:1)
  A fire elemental (D:14)
  A naga (Snake:4)
  3 hell hounds (D:14)
  A centaur (D:14)
11 creatures vanquished.

Vanquished Creatures (others)
  A nagaraja (Snake:4)
  A deep elf sorcerer (Elf:3)
  A jiangshi (Depths:1)
  A fire dragon (Depths:1)
  A hydra (Swamp:4)
  A centaur warrior (D:14)
  An alligator (Swamp:3)
  A deep elf knight (Elf:1)
  A deep elf pyromancer (Elf:3)
  An ugly thing (Depths:1)
  A salamander (Snake:4)
  2 bloated husks
  A yak (Lair:3)
  An orc wizard (D:9)
  8 bushes (D:11)
  2 foxfires (Swamp:4)
  20 fungi
  16 plants
  12 starspawn tentacles (Abyss:3)
  10 toadstools (D:2)
  6 withered plants
89 creatures vanquished.

Grand Total: 1446 creatures vanquished

Notes
Turn   | Place    | Note
-------+----------+-------------------------------------------
     0 | D:1      | NinjaNoafa the Troll Fighter began the quest for the Orb.
     0 | D:1      | Reached XP level 1. HP: 22/22 MP: 0/0
   178 | D:1      | Found Megiacryxykh's Magic Scroll Emporium.
   186 | D:1      | Bought a scroll of identify for 20 gold pieces
   208 | D:1      | Reached XP level 2. HP: 29/29 MP: 1/1
   221 | D:1      | Found a faded altar of an unknown god.
   297 | D:1      | Reached skill level 3 in Unarmed Combat
   817 | D:2      | Found Iro Mune's Assorted Antiques.
   823 | D:2      | Reached XP level 3. HP: 36/36 MP: 2/2
  1020 | D:2      | Noticed Sigmund
  1039 | D:2      | Killed Sigmund
  1040 | D:2      | Reached skill level 5 in Unarmed Combat
  1040 | D:2      | Reached XP level 4. HP: 44/44 MP: 3/3
  1040 | D:2      | Reached XP level 5. HP: 50/50 MP: 4/4
  1441 | D:2      | Reached skill level 6 in Unarmed Combat
  1457 | D:2      | Reached XP level 6. HP: 59/59 MP: 5/5
  1610 | D:3      | Found a glowing drain.
  1623 | Sewer    | Entered a sewer
  1802 | Sewer    | Reached skill level 7 in Unarmed Combat
  2454 | D:3      | Found Naw Qin's Jewellery Boutique.
  2468 | D:3      | Found Fomuod's Antique Weapon Boutique.
  2488 | D:3      | Reached XP level 7. HP: 66/67 MP: 6/6
  2621 | D:3      | Found Ipnam's Book Emporium.
  3190 | D:4      | Found a snail-covered altar of Cheibriados.
  3210 | D:4      | Became a worshipper of Cheibriados the Contemplative
  3446 | D:5      | Entered Level 5 of the Dungeon
  3522 | D:5      | Reached skill level 5 in Fighting
  3538 | D:5      | Found a stormy altar of Qazlal.
  3561 | D:5      | Noticed a two-headed ogre
  3579 | D:5      | Killed a two-headed ogre
  3580 | D:5      | Reached XP level 8. HP: 80/80 MP: 7/7
  3845 | D:5      | Found a staircase to the Ecumenical Temple.
  3850 | Temple   | Entered the Ecumenical Temple
  4249 | D:6      | Found a runed translucent door.
  4261 | D:6      | Reached skill level 5 in Dodging
  4261 | D:6      | Reached skill level 5 in Shields
  4261 | D:6      | Reached skill level 1 in Throwing
  4284 | D:6      | Reached * piety under Cheibriados
  4291 | D:6      | Reached skill level 1 in Invocations
  4313 | D:6      | Reached XP level 9. HP: 76/88 MP: 7/9
  4539 | D:6      | Found a sacrificial altar of Ru.
  4597 | D:6      | Noticed Maggie
  4612 | D:6      | Killed Maggie
  4649 | D:6      | Identified the ring of Lewnexta {rN++ rCorr Dex+6 Slay+3
                  | Stlth-}
  4735 | D:6      | Noticed a troll
  4735 | D:6      | Noticed Golfball's ghost (novice GrFi)
  4782 | D:6      | Reached skill level 8 in Unarmed Combat
  5011 | D:6      | Killed a troll
  5029 | D:6      | Killed Golfball's ghost
  5030 | D:6      | Reached skill level 9 in Unarmed Combat
  5334 | D:7      | Reached ** piety under Cheibriados
  5335 | D:7      | Reached XP level 10. HP: 96/96 MP: 12/12
  5491 | D:7      | Reached skill level 5 in Throwing
  5491 | D:7      | Reached skill level 5 in Invocations
  6187 | D:8      | Found an ancient bone altar of Kikubaaqudgha.
  6213 | D:8      | You fall into a shaft and drop 1 floor!
  6240 | D:9      | Reached *** piety under Cheibriados
  6503 | D:9      | Found an iron altar of Okawaru.
  6527 | D:9      | Noticed a cyclops
  6540 | D:9      | Killed a cyclops
  6752 | D:9      | Reached XP level 11. HP: 83/102 MP: 16/16
  6762 | D:9      | Reached **** piety under Cheibriados
  6987 | D:10     | Entered Level 10 of the Dungeon
  7000 | D:10     | Reached ***** piety under Cheibriados
  7002 | D:10     | Found a flagged portal.
  8105 | D:3      | Bought the amulet of Qeum {Acrobat Dex+8} for 538 gold
                  | pieces
  8280 | D:8      | Found a shimmering blue altar of Sif Muna.
  9094 | D:11     | Reached skill level 10 in Invocations
  9125 | D:11     | Reached skill level 10 in Unarmed Combat
  9474 | D:11     | Found a staircase to the Lair.
  9603 | D:12     | Reached skill level 1 in Evocations
  9615 | D:12     | Identified the +1 flail of Ditwem {vorpal, Int+6}
  9630 | D:12     | Found a staircase to the Orcish Mines.
  9772 | D:12     | Noticed a two-headed ogre
  9784 | D:12     | Killed a two-headed ogre
  9897 | D:12     | Noticed a wizard
  9904 | D:12     | Killed a wizard
  9905 | D:12     | Reached XP level 12. HP: 114/114 MP: 18/18
  9958 | D:12     | HP: 5/114 [large abomination (25)]
  9969 | D:12     | Reached skill level 5 in Evocations
 10178 | D:12     | Noticed a two-headed ogre
 10187 | D:12     | Killed a two-headed ogre
 10412 | D:13     | Noticed a centaur warrior
 10413 | D:13     | Noticed a centaur warrior
 10419 | D:13     | Killed a centaur warrior
 10420 | D:13     | Killed a centaur warrior
 10493 | D:13     | Noticed a two-headed ogre
 10503 | D:13     | Killed a two-headed ogre
 10599 | D:13     | Noticed a centaur warrior
 10599 | D:13     | Noticed Rupert
 10599 | D:13     | Noticed Urug
 10600 | D:13     | Found a gate to the Vaults.
 10649 | Orc:1    | Entered Level 1 of the Orcish Mines
 10856 | Orc:1    | Noticed Erolcha
 10865 | Orc:1    | Cast into level 1 of the Abyss (Erolcha)
 10923 | Orc:1    | Escaped the Abyss
 10929 | Orc:1    | Killed Erolcha
 11007 | D:11     | Noticed a boulder beetle
 11021 | D:11     | Killed a boulder beetle
 11075 | D:11     | Noticed a seven-headed hydra
 11075 | D:11     | Noticed a sphinx
 11077 | D:11     | Noticed a tengu warrior
 11233 | Lair:1   | Entered Level 1 of the Lair of Beasts
 11326 | Lair:1   | Reached ****** piety under Cheibriados
 11330 | Lair:1   | Reached XP level 13. HP: 112/120 MP: 19/19
 11736 | Lair:1   | Noticed Fannar
 11746 | Lair:1   | Killed Fannar
 13765 | Lair:3   | Identified a scroll of acquirement
 13765 | Lair:3   | Acquired the +1 robe of Vines {NoPotionHeal Regen++++}
 13765 | Lair:3   | Found the +1 robe of Vines {NoPotionHeal Regen++++}
 14295 | Lair:4   | Reached skill level 1 in Armour
 14381 | Lair:4   | Found a staircase to the Snake Pit.
 14487 | Lair:4   | Found a staircase to the Swamp.
 14490 | Lair:4   | Reached XP level 14. HP: 131/131 MP: 22/22
 15099 | Lair:5   | Found a viscous altar of Jiyva.
 15099 | Lair:5   | Found a staircase to the Slime Pits.
 15327 | Lair:5   | You fall into a shaft and drop 1 floor!
 15327 | Lair:6   | Entered Level 6 of the Lair of Beasts
 15329 | Lair:6   | Reached skill level 11 in Unarmed Combat
 16322 | Lair:6   | Reached skill level 12 in Unarmed Combat
 16685 | Lair:6   | Found a shimmering blue altar of Sif Muna.
 16914 | Lair:6   | Identified the +0 leather armour "Fiqeif" {Dex+3}
 17290 | D:1      | Bought a scroll of teleportation for 30 gold pieces
 17290 | D:1      | Bought a scroll of identify for 20 gold pieces
 17290 | D:1      | Bought a scroll of teleportation for 30 gold pieces
 17290 | D:1      | Bought a scroll of magic mapping for 35 gold pieces
 17290 | D:1      | Bought a scroll of fog for 20 gold pieces
 17332 | D:2      | Bought a scroll of enchant armour for 202 gold pieces
 17332 | D:2      | Bought a scroll of fear for 94 gold pieces
 17875 | Orc:2    | Entered Level 2 of the Orcish Mines
 18056 | Orc:2    | Reached skill level 13 in Unarmed Combat
 18176 | Orc:2    | Noticed an orc warlord
 18200 | Orc:2    | Killed an orc warlord
 18415 | Orc:2    | Found Amusumol's Assorted Antiques.
 18452 | Orc:2    | Bought a potion of might for 80 gold pieces
 18452 | Orc:2    | Bought 2 amethyst potions for 36 gold pieces
 18452 | Orc:2    | Bought a wand of acid (4) for 160 gold pieces
 18454 | Orc:2    | Gained mutation: Your muscles are strong. (Str +2) [potion
                  | of mutation]
 18454 | Orc:2    | Gained mutation: Your magical capacity is low. (-10% MP)
                  | [potion of mutation]
 18454 | Orc:2    | Gained mutation: Your spells are a little harder to cast,
                  | but a little more powerful. [potion of mutation]
 18455 | Orc:2    | Lost mutation: Your muscles are strong. (Str +2) [potion of
                  | mutation]
 18455 | Orc:2    | Lost mutation: Your spells are a little harder to cast, but
                  | a little more powerful. [potion of mutation]
 18455 | Orc:2    | Gained mutation: You have a pair of small horns on your
                  | head. [potion of mutation]
 18455 | Orc:2    | Gained mutation: You have large cloven feet. [potion of
                  | mutation]
 18459 | Orc:2    | Found Suohapn's Armour Shoppe.
 18471 | Orc:2    | Reached XP level 15. HP: 113/146 MP: 20/20
 18530 | Orc:2    | Found Xoxzai's Weapon Boutique.
 18530 | Orc:2    | Found Cunutogg's Antique Armour Shoppe.
 18573 | Orc:2    | Found a staircase to the Elven Halls.
 18770 | Elf:1    | Entered Level 1 of the Elven Halls
 18800 | Elf:1    | Found Dosmacwy's Armour Emporium.
 18972 | Elf:1    | Paralysed by an air elemental for 1 turns
 19318 | Elf:1    | Found a white marble altar of Elyvilon.
 19318 | Elf:1    | Found a glowing silver altar of Zin.
 19328 | Elf:1    | Found a glowing golden altar of the Shining One.
 19889 | D:13     | Killed Rupert
 19892 | D:13     | Killed Urug
 20091 | D:13     | Reached skill level 10 in Fighting
 20196 | D:13     | Found Dippul's Antique Weapon Shop.
 20552 | D:14     | Noticed Azrael
 20573 | D:14     | Killed Azrael
 20912 | Swamp:1  | Entered Level 1 of the Swamp
 21299 | Swamp:1  | Lost mutation: Your magical capacity is low. (-10% MP)
                  | [potion of mutation]
 21299 | Swamp:1  | Lost mutation: You have a pair of small horns on your head.
                  | [potion of mutation]
 21299 | Swamp:1  | Lost mutation: You have large cloven feet. [potion of
                  | mutation]
 21299 | Swamp:1  | Gained mutation: You passively map a small area around you.
                  | [potion of mutation]
 21300 | Swamp:1  | Lost mutation: You passively map a small area around you.
                  | [potion of mutation]
 21300 | Swamp:1  | Gained mutation: You are partially covered in iridescent
                  | scales. (AC +2) [potion of mutation]
 21300 | Swamp:1  | Gained mutation: You are robust. (+10% HP) [potion of
                  | mutation]
 21300 | Swamp:1  | Gained mutation: You are agile. (Dex +2) [potion of
                  | mutation]
 21578 | Swamp:2  | Reached skill level 10 in Dodging
 21586 | Swamp:2  | Reached XP level 16. HP: 158/173 MP: 24/24
 21734 | Swamp:2  | Reached skill level 10 in Shields
 22729 | Swamp:4  | Entered Level 4 of the Swamp
 23041 | Swamp:4  | Reached skill level 10 in Evocations
 23973 | Elf:1    | Reached skill level 14 in Unarmed Combat
 24281 | Elf:2    | Found Dehieh's Assorted Antiques.
 24287 | Elf:2    | Bought a scroll of immolation for 87 gold pieces
 24287 | Elf:2    | Bought a scroll of identify for 50 gold pieces
 24364 | Elf:2    | Found a bloodstained altar of Trog.
 24450 | Elf:2    | Reached skill level 15 in Unarmed Combat
 24514 | Elf:2    | Cast into level 3 of the Abyss (a deep elf demonologist)
 24550 | Abyss:3  | Found a broken altar of Ashenzari.
 24689 | Abyss:4  | Noticed a tentacled monstrosity
 24764 | Elf:2    | Escaped the Abyss
 25169 | D:15     | Entered Level 15 of the Dungeon
 25185 | D:15     | Reached XP level 17. HP: 181/182 MP: 25/25
 25223 | D:15     | Found a staircase to the Depths.
 25305 | D:15     | Found a runed translucent gate.
 25305 | D:15     | Found a runed translucent gate.
 25305 | D:15     | Found an ancient bone altar of Kikubaaqudgha.
 25305 | D:15     | Found a runed translucent gate.
 25305 | D:15     | Noticed a lich
 25305 | D:15     | Noticed SafestHooves's ghost (journeyman CeMo)
 25305 | D:15     | Noticed cbfl8's ghost (journeyman MiBe)
 25305 | D:15     | Noticed a lich
 25306 | D:15     | Noticed a lich
 25335 | D:15     | Found Jisawou's Book Shoppe.
 25522 | D:15     | Reached skill level 16 in Unarmed Combat
 25959 | D:15     | Killed a lich
 25970 | D:15     | Killed a lich
 25979 | D:15     | Killed SafestHooves's ghost
 25984 | D:15     | Killed a lich
 26003 | D:15     | Killed cbfl8's ghost
 26007 | D:15     | Got Kikubaaqudgha's Tome of Evil
 26021 | D:15     | Identified the amulet of Amelioration {Reflect Str+2 Int+4
                  | SH+5}
 26025 | D:15     | Identified the +1 hat "Uzaddif" {Rampage Will+ Str+2}
 26059 | Depths:1 | Entered Level 1 of the Depths
 26224 | Snake:1  | Entered Level 1 of the Snake Pit
 26398 | Snake:1  | Identified the +3 robe of Forking Paths {rElec}
 26507 | Snake:1  | Noticed Mlioglotl
 26524 | Snake:1  | Killed Mlioglotl
 26781 | Snake:1  | Noticed Aizul
 26793 | Snake:1  | Killed Aizul
 27640 | Snake:2  | Found a shimmering blue altar of Sif Muna.
 27798 | Snake:2  | Found Veysh's Book Boutique.
 28148 | Snake:2  | You fall into a shaft and drop 1 floor!
 28299 | Snake:2  | Reached XP level 18. HP: 191/193 MP: 26/26
 28406 | Snake:4  | Entered Level 4 of the Snake Pit
 29360 | Snake:4  | Reached skill level 17 in Unarmed Combat
 29820 | Snake:4  | Got a serpentine rune of Zot
 31175 | Elf:2    | Noticed Nikola
 31178 | Elf:2    | Found a huge runed translucent gate.
 31178 | Elf:2    | Found a huge runed translucent gate.
 31178 | Elf:2    | Found a huge runed translucent gate.
 31184 | Elf:2    | Found a huge runed translucent gate.
 31185 | Elf:2    | Found a huge runed translucent gate.
 31227 | Elf:2    | Killed Nikola
 32114 | Elf:2    | Reached XP level 19. HP: 205/206 MP: 28/28
 32308 | Elf:3    | Entered Level 3 of the Elven Halls
 32923 | D:2      | Bought a scroll of fear for 94 gold pieces
 33727 | Elf:3    | Cast into level 3 of the Abyss (a deep elf sorcerer)
 33997 | Abyss:3  | Acquired 706 gold pieces
 34041 | Abyss:3  | Gained mutation: Your spells are a little easier to cast,
                  | but a little less powerful. [a neqoxec]
 34140 | Elf:3    | Escaped the Abyss
 34160 | Elf:3    | Cast into level 2 of the Abyss (a deep elf sorcerer)
 34480 | Abyss:3  | Paralysed by accursed screaming for 2 turns
 34516 | Abyss:3  | Gained mutation: Your spells are easier to cast, but less
                  | powerful. [a neqoxec]
 34519 | Abyss:3  | Gained mutation: Your magical capacity is low. (-10% MP) [a
                  | neqoxec]
 34568 | Abyss:3  | Lost mutation: You are robust. (+10% HP) [a neqoxec]
 34573 | Elf:3    | Escaped the Abyss
 34575 | Elf:3    | Identified the +6 war axe "Ysyhigi Yqos" {vorpal, rElec
                  | rF+++ Str-3 Stlth-}
 34577 | Elf:3    | Noticed a Brimstone Fiend
 34580 | Elf:3    | Reached skill level 1 in Stealth
 34587 | Elf:3    | Noticed a Brimstone Fiend
 35952 | Slime:1  | Entered Level 1 of the Pits of Slime
 36446 | Swamp:4  | Reached skill level 18 in Unarmed Combat
 36533 | Swamp:4  | Got a decaying rune of Zot
 36955 | Vaults:1 | Entered Level 1 of the Vaults
 37708 | Slime:1  | Slain by an azure jelly

Illustrated notes

Levels and vault maps discovered:
D:1:      shiori_shiawase, layout_basic, basic_ecumenical_altar, serial_shops,
          shop
D:2:      cheibrodos_fertilizer, layout_loops_ring, serial_shops, shop,
          kennysheep_generic_room_13, uniq_sigmund
D:3:      layout_rooms, portal_sewer_entry_d, serial_shops, shop,
          nicolae_shop_statue_plus, shop
D:4:      layout_loops_ring, kennysheep_slug_shrine
D:5:      layout_cave_pools, mainiacjoe_overflow_brackets,
          minmay_temple_entry_gardened_gates, nicolae_underground_beach
D:6:      layout_loops_ring, mainiacjoe_overflow_cross_hatched,
          ebering_ghost_inner_flame, uniq_maggie
D:7:      layout_cave_pods, hangedman_abyss_or_decor_jellyfish_corner,
          kennysheep_small_circle
D:8:      layout_cave_pools, kiku_gazebo_garden_becter,
          nicolae_sif_muna_little_library, minivault_14, kennysheep_cross_room
D:9:      layout_roguey [special_room_bee], kennysheep_mini
D:10:     layout_irregular_city, enter_bailey_3
D:11:     minmay_klotski, layout_cave_pods, lair_entry_dummy, special_room
          [special_room_orc]
D:12:     layout_basic, orc_0_dummy, laboratory
D:13:     layout_gridville, david_vaults_3, serial_shops,
          nicolae_shop_behind_doors, portal_ice_cave_demonic_guard, uniq_rupert
D:14:     layout_rooms, uniq_azrael
D:15:     gammafunk_depths_entry_grave, layout_irregular_city,
          gammafunk_ghost_crypt, serial_shops, shop, minmay_misc_feat_enclosed
Temple:   nicolae_temple_elliptical
Lair:1:   layout_chaotic_city, nicolae_quartered_pool_super,
          serial_bayou_shore_a, infiniplex_staircase_pool, grunt_megastairs_1,
          uniq_fannar
Lair:2:   layout_gridlike
Lair:3:   layout_cave_pods, st_stairs_13
Lair:4:   layout_roguey, swamp_mist_pool, guppyfry_snake_entry_garden,
          lemuel_fruit_tree
Lair:5:   layout_cave_pods, slime_altar_1, chequers_serial_rivers_small_3,
          st_stairs_13, roderic_carrion_pond
Lair:6:   grunt_lair_end_beastmaster, layout_gridlike, basic_altar
Swamp:1:  layout_basic_swamp, evilmike_swamp_ruin_wall
Swamp:2:  nicolae_swamp_long_stream, layout_falls_marsh,
          nicolae_swamp_dense_foliage
Swamp:3:  layout_basic_swamp, evilmike_swamp_ruin_house_6, swamp_pool1,
          grunt_hermit_hut
Swamp:4:  swamp, layout_basic_swamp
Snake:1:  layout_chambers, nicolae_snake_biting_tails, uniq_aizul,
          uniq_mlioglotl
Snake:2:  layout_cave_town, basic_altar, minmay_shop_star
Snake:3:  layout_misc_corridors, nicolae_snake_lava_pool, serial_bayou_shore_b
Snake:4:  minmay_snake_end_coiled, layout_cave_town
Slime:1:  layout_caves
Orc:1:    layout_caves, enter_volcano_4, uniq_erolcha
Orc:2:    st_orc_town, layout_diamond_mine, basic_altar,
          nicolae_orc_crystal_geode
Elf:1:    layout_loops_cross, serial_shops, nicolae_shop_waterfront,
          portal_desolation_entry_holy_temple,
          hangedman_elven_crosses_minicolossus, kb_rosetta
Elf:2:    elven_hall_of_blades_hangedman_alternative
          [nicolae_blade_entry_antechamber], layout_loops_corners, serial_shops,
          nicolae_shop_stone, evilmike_spriggan_trog_shrine, uniq_louise,
          uniq_nikola
Elf:3:    minmay_elf_hall_spiked, layout_loops_corners
Vaults:1: mu_enter_wizlab_2, v_misc_18, hangedman_vaults_stagger,
          nicolae_vaults_ninety_degrees, hangedman_vaults_impose,
          grunt_vaults_bifocal, ontoclasm_vaults_gateway,
          vaults_room_semicircle, hangedman_vaults_trim, v_misc_31,
          vaults_room_stairs_pillars, layout_vaults_big_room, serial_shops,
          shop_fountains
Depths:1: layout_basic, minmay_misc_feat_pillars, hell_entry, kennysheep_potato,
          minmay_shop_grove

Skill      XL: |  1  2  3  4  5  6  7  8  9 10 11 12 13 14 15 16 17 18 19 |
---------------+----------------------------------------------------------+-----
Unarmed Combat | 3 5 6 7 9 10 13 15 16 17 18 | 18.8
Fighting       | 3 5 6 9 10 11 12 | 12.0
Dodging        | 4 5 7 8 10 11 12 | 12.0
Shields        | 4 5 7 8 9 10 11 12 | 12.0
Throwing       | 2 4 6 8 |  8.0
Invocations    | 1 4 8 10 12 13 14 | 14.0
Evocations     | 4 5 7 8 10 | 10.0
Armour         | 2 |  2.0
Stealth        | 2 |  2.6

Action                   |  1- 3 |  4- 6 |  7- 9 | 10-12 | 13-15 | 16-18 | 19-21 || total
-------------------------+-------+-------+-------+-------+-------+-------+-------++-------
Melee: Unarmed           |    78 |   181 |   250 |   507 |   888 |  1061 |   445 ||  3410
       Kick              |       |       |       |       |   103 |       |       ||   103
       Headbutt          |       |       |       |       |    52 |       |       ||    52
Throw: Dart              |       |       |    23 |    63 |    62 |     9 |    25 ||   182
       Boomerang         |       |       |       |    36 |    96 |     7 |    22 ||   161
       Stone             |       |       |       |     1 |       |       |       ||     1
       Javelin           |       |       |       |       |     3 |   158 |    21 ||   182
       Throwing net      |       |       |       |       |     1 |     3 |       ||     4
Invok: Bend Time         |       |       |       |     1 |       |     2 |     2 ||     5
       Slouch            |       |       |       |     2 |     5 |    14 |     3 ||    24
       Step From Time    |       |       |       |     1 |       |     3 |     3 ||     7
       Temporal Distorti |       |       |       |       |       |     1 |       ||     1
Evoke: Wand              |       |       |       |     8 |    33 |     8 |     1 ||    50
       Tin of tremorston |       |       |       |       |     5 |    10 |     4 ||    19
       Lightning rod     |       |       |       |       |     1 |    11 |    13 ||    25
       Phantom mirror    |       |       |       |       |       |     3 |     2 ||     5
  Use: Scroll            |     4 |     3 |     6 |    13 |    13 |    18 |    10 ||    67
       Potion            |     4 |     2 |     6 |    13 |     5 |     2 |     7 ||    39
 Stab: Sleeping          |     2 |       |     2 |     2 |     4 |     9 |     2 ||    21
       Distracted        |       |       |       |       |       |     4 |     3 ||     7
       Held in net/web   |       |       |       |       |       |     1 |       ||     1
       Confused          |       |       |       |       |       |       |     3 ||     3
       Petrified         |       |       |       |       |       |       |     3 ||     3
Armor: Robe              |    36 |    68 |    52 |       |    85 |    93 |    37 ||   371
       Skin              |       |       |     6 |    16 |       |    26 |       ||    48
       Swamp dragon scal |       |       |    15 |    80 |       |       |    27 ||   122
       Troll leather arm |       |       |       |    42 |    20 |       |       ||    62
Dodge: Dodged            |    34 |    67 |    75 |   504 |  1079 |  1281 |   752 ||  3792
Block: Kite shield       |    31 |    95 |   172 |   779 |  1474 |  1626 |   793 ||  4970
       Reflection        |       |       |     2 |    15 |       |    72 |    31 ||   120
